 Dungeon Crawl Stone Soup version 0.28.0-53-g5a82cb258f (webtiles) character file.

Game seed: 6523587326195423322

127 firemarshallily the Poker (level 5, -2/42 HPs)
             Began as a Merfolk Gladiator on Aug 28, 2022.
             Was a Believer of Elyvilon.
             Slain by a white imp (4 damage)
             ... summoned by Natasha
             ... on level 3 of the Dungeon on Sept 3, 2022.
             The game lasted 00:08:36 (2708 turns).

firemarshallily the Poker (Merfolk Gladiator)       Turns: 2708, Time: 00:08:37

Health: -2/42      AC:  4    Str: 14    XL:     5   Next: 11%
Magic:  5/5        EV: 14    Int:  7    God:    Elyvilon [**....]
Gold:   72         SH:  0    Dex: 18    Spells: 4/4 levels left

rFire   + + .      SeeInvis .   a - +0 trident
rCold   . . .      Faith    .   (no shield)
rNeg    . . .      Spirit   .   b - +0 leather armour
rPois   .          Reflect  .   c - +0 helmet
rElec   .          Harm     .   (no cloak)
rCorr   .          Rampage  .   (no gloves)
Will    .....                   (no boots)
Stlth   +.........              (no amulet)
HPRegen 0.14/turn               f - ring of protection from fire
MPRegen 0.09/turn               h - ring of protection from fire

@: no status effects
A: (nimble swimmer 2), mertail
a: Renounce Religion, Purification, Heal Other


You were on level 3 of the Dungeon.
You worshipped Elyvilon.
Elyvilon was pleased with you.
You visited 1 branch of the dungeon, and saw 3 of its levels.

You collected 72 gold pieces.

Inventory:

Hand Weapons
 a - a +0 trident (weapon)
 k - a +0 spear
Missiles
 d - 3 throwing nets
 i - 100 stones (quivered)
 o - 2 boomerangs
Armour
 b - a +0 leather armour (worn)
 c - a +0 helmet (worn)
Jewellery
 f - a ring of protection from fire (left hand)
 h - a ring of protection from fire (right hand)
Wands
 e - a wand of iceblast (9)
Scrolls
 j - 2 scrolls of identify
 l - 2 scrolls of amnesia {unknown}
Potions
 g - a potion of might
 m - a potion of berserk rage


   Skills:
 * Level 3.6 Fighting
 * Level 6.1 Polearms
 - Level 2.3 Throwing
 + Level 4.9 Dodging


You had 4 spell levels left.
You didn't know any spells.
Your spell library was empty.

Dungeon Overview and Level Annotations

Branches:
Dungeon (3/15)

Altars:
Elyvilon

Annotations:
D:3 Natasha


Innate Abilities, Weirdness & Mutations

((You are very nimble when in or above water. (Stealth+, EV+, Speed+++)))
Your lower body shifts to a powerful aquatic tail in water.


Message History

Aim: Natasha (about 42% to evade your +0 trident)
You reach to attack!
You closely miss Natasha.
Unknown command.
You closely miss Natasha.
Natasha stares at you and mumbles some strange words.
The magic dart hits you.
You hit Natasha.
Natasha is moderately wounded.
Natasha mumbles some strange words.
You hit Natasha.
Natasha is heavily wounded.
Natasha claws you.
You miss Natasha.
Natasha is heavily wounded.
Natasha claws you.
You barely miss Natasha.
Natasha is heavily wounded.
The white imp completely misses you. Natasha claws you!
You miss Natasha.
Natasha is heavily wounded.
The white imp gestures at you. The puff of frost hits you!
* * * LOW HITPOINT WARNING * * *
Natasha claws you.
* * * LOW HITPOINT WARNING * * *
Okay, then.
Press: ? - help, Dir - move target, f/p - Natasha Heal: Natasha (heavily wounded, uninterested) Natasha would be completely unfazed by your meagre offer of peace.
Aiming: Iceblast
Press: ? - help, Shift-Dir - straight line, p - Natasha
Okay, then.
As you read the scroll labelled NADGHA TICSAPS, it crumbles to dust.
It is a scroll of identify.
m - a potion of berserk rage The white imp picks up a beetle and eats it.
The white imp hits you.
* * * LOW HITPOINT WARNING * * *
The white imp freezes you.
You die...

#....# ........
##..###..........#
...##...##..........#
.<...............<..$.
####...#...#........##
###.###.#......>...
#.# #...........#
#..##.....h.!...#
##.......@5.....# ##
####...........# ..#
##.............# ##.#
#............[.# ...#
###...####........#
.).##.....#
##.####.... .........#
#.# #.#.# ...#...##
#.# #....# ...#.#####
.. .#..


You could see Natasha and a white imp (summoned).

Vanquished Creatures
  Ijyb (D:3)
  4 gnolls
  A worm (D:2)
  A dart slug (D:3)
  3 orcs (D:3)
  8 bats
  3 endoplasms
  4 giant cockroaches
  4 goblins
  4 hobgoblins
  2 jackals (D:1)
  3 quokkas
  3 ball pythons
  2 frilled lizards
  7 kobolds
  5 rats
55 creatures vanquished.

Notes
Turn   | Place    | Note
-------+----------+-------------------------------------------
     0 | D:1      | firemarshallily the Merfolk Gladiator began the quest for
                  | the Orb.
     0 | D:1      | Reached XP level 1. HP: 16/16 MP: 1/1
   261 | D:1      | Reached XP level 2. HP: 23/23 MP: 2/2
   847 | D:1      | Found a faded altar of an unknown god.
   856 | D:1      | Prayed at the altar of an unknown god.
   856 | D:1      | Became a worshipper of Elyvilon the Healer
   856 | D:1      | Reached * piety under Elyvilon
  1096 | D:2      | Reached XP level 3. HP: 28/28 MP: 3/3
  1105 | D:1      | Reached skill level 5 in Polearms
  1650 | D:2      | Reached ** piety under Elyvilon
  1660 | D:2      | Reached XP level 4. HP: 11/35 MP: 4/4
  2477 | D:3      | Noticed Ijyb
  2519 | D:3      | Killed Ijyb
  2520 | D:3      | Reached skill level 6 in Polearms
  2520 | D:3      | Reached XP level 5. HP: 27/41 MP: 5/5
  2698 | D:3      | Noticed Natasha
  2708 | D:3      | HP: 2/42 [white imp[Natasha] (3)]
  2708 | D:3      | Slain by a white imp

Illustrated notes

Levels and vault maps discovered:
D:1:      dpeg_arrival_castle, layout_basic, hellmonk_ecumenical_altar_run_dry
D:2:      layout_basic, nicolae_figureground_pulse
D:3:      layout_rooms, st_stairs_14, uniq_ijyb, uniq_natasha

Skill      XL: |  1  2  3  4 |
---------------+-------------+-----
Polearms       | 5 6 |  6.1
Fighting       | 3 |  3.6
Throwing       | |  2.3
Dodging        | |  4.9

Action                   |  1- 3 |  4- 6 || total
-------------------------+-------+-------++-------
Melee: Trident           |   118 |    98 ||   216
       Tailslap          |     1 |       ||     1
       Punch             |       |     2 ||     2
  Use: Potion            |       |     2 ||     2
       Scroll            |       |     1 ||     1
 Stab: Sleeping          |     4 |     2 ||     6
       Distracted        |     1 |       ||     1
Armor: Leather armour    |    29 |    13 ||    42
Dodge: Dodged            |    66 |    41 ||   107
